 Dungeon Crawl Stone Soup version 0.20-a0-629-gc37eb77 (webtiles) character file.

85 polly the Slasher (level 4, -6/33 HPs)
             Began as a Demonspawn Gladiator on Feb 11, 2017.
             Killed by divine providence
             ... invoked by an orc priest
              (11 damage)
             ... on level 3 of the Dungeon.
             The game lasted 00:02:55 (1290 turns).

polly the Slasher (Demonspawn Gladiator)            Turns: 1290, Time: 00:02:55

Health: -6/33      AC:  6    Str: 15    XL:     4   Next: 25%
Magic:  13/13      EV: 13    Int:  9    God:
Gold:   125        SH:  0    Dex: 15    Spells: 3/3 levels left

rFire    . . .     SeeInvis .   a - +0 long sword
rCold    . . .     Gourm    .   b - +0 leather armour
rNeg     . . .     Faith    .   (no shield)
rPois    .         Spirit   .   c - +0 helmet
rElec    .         Reflect  .   (no cloak)
rCorr    .         Harm     .   (no gloves)
MR       .....                  (no boots)
Stlth    +.........             l - amulet of magic regeneration (curse)
Regen    0.2/turn               (no ring)
                                k - ring of magical power

@: no status effects
A: yellow scales 1
a: no special abilities


You were on level 3 of the Dungeon.
You were near starving.

You visited 1 branch of the dungeon, and saw 3 of its levels.

You collected 125 gold pieces.

Inventory:

Hand Weapons
 a - a +0 long sword (weapon)
Missiles
 d - 3 throwing nets (quivered)
Armour
 b - a +0 leather armour (worn)
 c - a +0 helmet (worn)
Jewellery
 k - a ring of magical power (left hand)
 l - a cursed amulet of magic regeneration (around neck)
Wands
 s - a wand of paralysis (7/24)
Scrolls
 e - a scroll of recharging {unknown}
 h - a scroll of fear {unknown}
 i - 3 scrolls of identify {unknown}
 m - 2 scrolls of magic mapping {unknown}
 o - 3 scrolls of noise {unknown}
 p - a scroll of fog {unknown}
 t - a scroll of teleportation {unknown}
 v - a scroll of enchant weapon {unknown}
Potions
 j - a potion of curing {unknown}
 n - a potion of ambrosia {unknown}
 q - 2 potions of flight {unknown}
 r - a potion of lignification {unknown}
 w - a potion of berserk rage {unknown}
 x - a potion of heal wounds {unknown}
 z - a potion of might {unknown}
 A - a potion of magic {unknown}
Comestibles
 f - a bread ration
 g - 2 fruits
 u - 2 meat rations


   Skills:
 + Level 2.1 Fighting
 + Level 4.0 Long Blades
 + Level 1.9 Throwing
 + Level 0.3 Armour
 + Level 3.2 Dodging
 + Level 0.2 Stealth


You had 3 spell levels left.
You didn't know any spells.

Dungeon Overview and Level Annotations

Branches:
Dungeon (3/15)

Altars:
Elyvilon


Innate Abilities, Weirdness & Mutations

You are partially covered in yellow scales. (AC +2)


Message History

* * * LOW HITPOINT WARNING * * *
The orc priest freezes you.
* * * LOW HITPOINT WARNING * * *
The giant cockroach closely misses you.
You hit the orc priest.
The orc priest is moderately wounded.
The giant cockroach bites you but does no damage.
The orc priest hits you but does no damage.
The giant cockroach bites you.
* * * LOW HITPOINT WARNING * * *
You barely miss the orc priest.
The orc priest is moderately wounded.
The orc priest hits you but does no damage.
The giant cockroach bites you but does no damage.
You completely miss the orc priest.
The orc priest is moderately wounded.
The giant cockroach misses you.
The orc priest invokes the aid of Beogh against you.
Beogh smites you!
You die...

#......b....
#.........o.
#$..........
#....go.....
#........... .##########
#..........
........@o#####.....#...
#########sr..o..<......#
##############..


You could see an orc priest, an orc wizard, a quokka and a giant cockroach.

Vanquished Creatures
  2 adders
  2 worms (D:2)
  2 dart slugs (D:1)
  A leopard gecko (D:1)
  3 orcs (D:3)
  8 bats
  2 giant cockroaches
  7 goblins
  5 hobgoblins
  7 jackals (D:1)
  3 kobolds
  3 frilled lizards (D:1)
  3 rats
48 creatures vanquished.

Notes
Turn   | Place    | Note
-------+----------+-------------------------------------------
     0 | D:1      | polly the Demonspawn Gladiator began the quest for the Orb.
     0 | D:1      | Reached XP level 1. HP: 16/16 MP: 1/1
    68 | D:1      | Gained mutation: You are partially covered in yellow scales. (AC +2) [demonic ancestry]
    68 | D:1      | Reached XP level 2. HP: 15/22 MP: 2/2
   122 | D:1      | Reached skill level 3 in Long Blades
   305 | D:1      | Reached XP level 3. HP: 27/27 MP: 3/3
   804 | D:2      | Found a white marble altar of Elyvilon.
  1041 | D:2      | Reached XP level 4. HP: 33/33 MP: 4/4
  1268 | D:3      | Reached skill level 4 in Long Blades
  1290 | D:3      | Killed from afar by an orc priest

Vault maps used:
D:1:      scummos_arrival_star
D:2:      elyvilon_altar_5
D:3:      xom_butterflies, portal_sewer_entry_f

Skill      XL: |  1  2  3  4 |
---------------+-------------+-----
Dodging        | 3 |  3.2
Long Blades    | 3 4 |  4.0
Fighting       | |  2.1
Throwing       | |  1.9
Armour         | |  0.3
Stealth        | |  0.2

Action                   |  1- 3 |  4- 6 || total
-------------------------+-------+-------++-------
Melee: Long sword        |   141 |    25 ||   166
 Stab: Sleeping          |     1 |       ||     1
Armor: Leather armour    |    79 |     9 ||    88
Dodge: Dodged            |   127 |    19 ||   146
       Rpst.: Long sword |    43 |     5 ||    48
